 Dungeon Crawl Stone Soup version 0.23.2 (webtiles) character file.

Game seed: 4866812759770223518

3090 Borgoz the Ducker (level 9, -3/73 (74) HPs)
             Began as a Ghoul Gladiator on Apr 3, 2019.
             Was a Follower of Ashenzari.
             Slain by an orc warrior
             ... wielding a +0 dire flail
              (13 damage)
             ... on level 8 of the Dungeon.
             The game lasted 00:13:43 (6895 turns).

Borgoz the Ducker (Ghoul Gladiator)                 Turns: 6895, Time: 00:13:44

HP:   -3/73 (74)    AC:  9    Str: 18    XL:     9   Next: 89%
MP:   8/8           EV: 15    Int:  4    God:    Ashenzari [*.....]
Gold: 397           SH:  0    Dex: 12    Spells: 8/8 levels left

rFire    . . .     SeeInvis .   d - +2 dagger (elec)
rCold    + . .     Gourm    .   (no shield)
rNeg     + + +     Faith    .   w - +0 leather armour {MR+}
rPois    ∞         Spirit   .   c - +0 helmet
rElec    .         Reflect  .   I - +0 cloak
rCorr    .         Harm     .   k - +2 pair of gloves
MR       ++...                  (no boots)
Stlth    +++.......             (no amulet)
HPRegen  0.00/turn              x - ring of protection from magic
MPRegen  0.11/turn              (no ring)

@: rotting
A: rotting body, claws 1, carnivore, cold resistance 1, negative energy
resistance 3, inhibited regeneration, torment resistance, unbreathing
a: Curse Item, Scrying, Renounce Religion


You were on level 8 of the Dungeon.
You worshipped Ashenzari.
Ashenzari was aware of your devotion.
You were not hungry.

You visited 2 branches of the dungeon, and saw 10 of its levels.

You collected 397 gold pieces.

Inventory:

Hand Weapons
 a - a +1 rapier
 d - a +2 dagger of electrocution (weapon)
 t - a +2 dagger of speed
 A - a +1 rapier of flaming
Missiles
 v - 8 javelins (quivered)
 H - 2 tomahawks
Armour
 c - a +0 helmet (worn)
 k - a +2 pair of gloves (worn)
 w - a +0 leather armour of magic resistance (worn)
 B - the +4 shield of the Loofah {*Slow +Fly rC+ Slay+5}
   (You found it on level 7 of the Dungeon)

   It affects your accuracy and damage with ranged weapons and melee attacks
   (+5).
   It protects you from cold.
   It lets you fly.
   It may slow you when you take damage.
 I - a +0 cloak (worn)
Jewellery
 n - an uncursed amulet of faith
 x - a ring of protection from magic (left hand)
 y - an uncursed ring of magical power
 C - an uncursed amulet of magic regeneration
Wands
 e - a wand of random effects (25)
 F - a wand of digging (2)
Scrolls
 g - 2 scrolls of enchant weapon
 i - 3 scrolls of teleportation
 j - a scroll of amnesia {unknown}
 m - 2 scrolls of magic mapping
 p - 3 scrolls of blinking
 q - a scroll of remove curse
 s - 4 scrolls of random uselessness {unknown}
 u - a scroll of immolation {unknown}
 E - 2 scrolls of fog {unknown}
 G - 3 scrolls of identify
Potions
 h - 3 potions of curing
 l - a potion of might
 o - 2 potions of lignification
 r - a potion of agility
 z - 3 potions of haste
 D - a potion of magic
Comestibles
 f - 7 rations


   Skills:
 + Level 5.4 Fighting
 * Level 6.7 Short Blades
 - Level 1.7 Throwing
 * Level 6.1 Armour
 * Level 6.8 Dodging
 + Level 5.3 Stealth


You had 8 spell levels left.
You didn't know any spells.
Your spell library contained the following spells:

 Spells                   Type           Power        Failure   Level  Hunger
 Animate Skeleton         Necr           N/A          54%         1    ##.....
 Apportation              Tloc           #.....       54%         1    ##.....
 Confusing Touch          Hex            #.....       54%         1    ##.....
 Summon Small Mammal      Summ           #...         54%         1    ##.....


Dungeon Overview and Level Annotations

Branches:
Dungeon (9/15)             Temple (1/1) D:5
   Lair: D:8-11         Orc: D:9-12

Altars:
Ashenzari
Cheibriados
Dithmenos
Elyvilon
Fedhas
Gozag
Hepliaklqana
Kikubaaqudgha
Makhleb
Nemelex Xobeh
Okawaru
Qazlal
Ru
Trog
Uskayaw
Vehumet
Wu Jian
Yredelemnul
Zin
The Shining One
Beogh

Shops:
D:5 (

Annotations:
D:6 1 runed translucent door, grocchini's ghost, novice MfSk


Innate Abilities, Weirdness & Mutations

Your body is rotting away.
You thrive on raw meat.
You are immune to poison.
You have sharp fingernails.
You are carnivorous and can eat meat at any time.
Your flesh is cold resistant. (rC+)
You are immune to negative energy. (rN+++)
You do not regenerate when monsters are visible.
You are immune to unholy pain and torment.
You can survive without breathing.


Message History

You are too injured to fight recklessly!
You feel your flesh rotting away.
Unknown command.
The orc hits you with a +0 whip.
You see here an uncursed halberd.
There is a stone staircase leading up here.
The orc warrior closely misses you.
You climb upwards.
There is a stone staircase leading down here.
You hit the orc warrior.
The orc warrior is lightly wounded.
You closely miss the orc warrior.
The orc warrior is lightly wounded.
The orc warrior hits you with a +0 dire flail!
* * * LOW HITPOINT WARNING * * *
You hit the orc warrior.
Lightning courses through the orc warrior!
The orc warrior is heavily wounded.
The orc warrior hits you with a +0 dire flail!
You die...

######### ###### #........
###....#######........
#......#..............
#.....................
###...o.................
#......@................
#..............#........
#...........####........
###.....[.................
#.........#######.........
#.....###.#..[<...........
#......##.#....#..........
#......##.#[.#............
#.........................


You could see an orc warrior.

Vanquished Creatures
  A two-headed ogre (D:7)
  Prince Ribbit (D:5)
  Duvessa (D:7)
  2 orc warriors
  A sky beast (D:8)
  3 phantoms
  4 ogres
  A bullfrog (D:6)
  Dowan (D:7)
  3 scorpions
  3 wights
  2 jellies (D:5)
  3 crimson imps
  A centaur zombie (D:8)
  3 hounds
  2 orc priests
  2 bullfrog skeletons
  A centaur skeleton (D:6)
  4 orc wizards
  3 worker ants
  2 hound zombies
  A hound skeleton (D:7)
  4 gnolls (D:5)
  7 adders
  A shadow imp (D:7)
  4 adder skeletons
  4 worms
  2 leopard geckos (D:2)
  27 orcs
  3 giant cockroaches
  3 hobgoblins
  6 jackals
  2 ball pythons (D:3)
  5 bats
  6 frilled lizards
  10 goblins
  6 rats
135 creatures vanquished.

Notes
Turn   | Place    | Note
-------+----------+-------------------------------------------
     0 | D:1      | Borgoz the Ghoul Gladiator began the quest for the Orb.
     0 | D:1      | Reached XP level 1. HP: 17/17 MP: 0/0
   127 | D:1      | Reached XP level 2. HP: 24/24 MP: 1/1
   491 | D:2      | Reached XP level 3. HP: 30/30 MP: 2/2
   516 | D:2      | Reached skill level 1 in Armour
   678 | D:2      | Reached skill level 1 in Stealth
   815 | D:2      | Reached XP level 4. HP: 32/37 MP: 3/3
  1455 | D:3      | Reached XP level 5. HP: 32/44 MP: 4/4
  2261 | D:4      | Found an opulent altar of Gozag.
  2299 | D:4      | Found a white marble altar of Elyvilon.
  2324 | D:4      | Noticed an ogre
  2329 | D:4      | Killed an ogre
  2329 | D:4      | Reached XP level 6. HP: 51/51 MP: 5/5
  2408 | D:4      | Reached XP level 7. HP: 47/57 MP: 6/6
  2437 | D:4      | Found a glowing silver altar of Zin.
  2555 | D:4      | Found a shattered altar of Ashenzari.
  2564 | D:4      | Became a worshipper of Ashenzari the Shackled
  2751 | D:5      | Entered Level 5 of the Dungeon
  2813 | D:5      | Found Tempigh's Weapon Boutique.
  2911 | D:5      | Noticed Prince Ribbit
  2938 | D:5      | Killed Prince Ribbit
  3294 | D:5      | Found a staircase to the Ecumenical Temple.
  3298 | Temple   | Entered the Ecumenical Temple
  3676 | D:5      | Reached XP level 8. HP: 47/66 MP: 7/7
  3796 | D:5      | Found a radiant altar of Vehumet.
  4360 | D:6      | Reached skill level 5 in Short Blades
  4360 | D:6      | Reached skill level 5 in Dodging
  4782 | D:6      | Found a runed translucent door.
  4789 | D:6      | Noticed grocchini's ghost (novice MfSk)
  4989 | D:7      | Noticed Duvessa
  5004 | D:7      | Killed Duvessa
  5010 | D:7      | Noticed Dowan
  5017 | D:7      | Killed Dowan
  5264 | D:7      | Found a blossoming altar of Fedhas.
  5361 | D:7      | Got the uncursed shield of the Loofah {*Slow +Fly rC+
                  | Slay+5}
  5746 | D:8      | Reached skill level 5 in Armour
  5746 | D:8      | Reached XP level 9. HP: 54/72 MP: 8/8
  5851 | D:8      | Reached * piety under Ashenzari
  6327 | D:8      | Noticed a two-headed ogre
  6380 | D:7      | Killed a two-headed ogre
  6380 | D:7      | Reached skill level 5 in Fighting
  6380 | D:7      | Reached skill level 5 in Stealth
  6836 | D:9      | Found a roughly hewn altar of Beogh.
  6895 | D:8      | Slain by an orc warrior

Skill      XL: |  1  2  3  4  5  6  7  8  9 |
---------------+----------------------------+-----
Dodging        | 3 4 5 6 |  6.8
Short Blades   | 3 4 5 6 |  6.7
Armour         | 1 2 3 5 6 |  6.1
Stealth        | 1 2 3 4 5 |  5.3
Fighting       | 3 4 5 |  5.4
Throwing       | |  1.7

Action                   |  1- 3 |  4- 6 |  7- 9 || total
-------------------------+-------+-------+-------++-------
Melee: Rapier            |    83 |    48 |       ||   131
       Dagger            |       |   167 |   487 ||   654
Throw: Throwing net      |       |     4 |     3 ||     7
       Javelin           |       |       |     2 ||     2
Evoke: Wand              |       |     4 |     1 ||     5
  Use: Potion            |       |     3 |     4 ||     7
       Scroll            |       |     5 |     7 ||    12
 Stab: Invisible         |       |     2 |     2 ||     4
       Held in net/web   |       |     3 |     2 ||     5
       Sleeping          |       |       |     1 ||     1
  Eat: Chunk             |     1 |    11 |    11 ||    23
Armor: Leather armour    |    16 |       |    50 ||    66
       Ring mail         |    16 |    74 |    32 ||   122
Dodge: Dodged            |    50 |    82 |   248 ||   380
